 Dungeon Crawl Stone Soup version 0.31.0-11-ge490571c62 (webtiles) character file.

Game seed: 9819430665280662382

867 sanka the Basher (level 7, -5/59 HPs)
             Began as a Minotaur Fighter on Feb 1, 2024.
             Slain by an iguana (8 damage)
             ... on level 5 of the Dungeon.
             The game lasted 00:06:06 (3778 turns).

sanka the Basher (Minotaur Fighter)                 Turns: 3778, Time: 00:06:07

Health: -5/59      AC:  9    Str: 21    XL:     7   Next: 73%
Magic:  6/6        EV:  7    Int:  5    God:
Gold:   182        SH:  4    Dex: 11    Spells: 6/6 levels left

rFire   . . .        a - +1 flail (holy)
rCold   . . .        c - +0 buckler
rNeg    . . .        n - +0 chain mail
rPois   .            (helmet restricted)
rElec   .            (no cloak)
rCorr   +            (no gloves)
SInv    .            (no boots)
Will    .....        (no amulet) Stlth
                     (no ring)
HPRegen 0.29/turn    u - ring of resist corrosion
MPRegen 0.10/turn

%: no passive effects
@: no status effects
A: horns 2, retaliatory headbutt
a: no special abilities


You were on level 5 of the Dungeon.
You visited 1 branch of the dungeon, and saw 5 of its levels.

You collected 182 gold pieces.


Innate Abilities, Weirdness & Mutations

You have a pair of horns on your head.
You reflexively headbutt those who attack you in melee.


   Skills:
 - Level 4.0 Fighting
 + Level 10.6 Maces & Flails
 - Level 3.6 Armour
 - Level 3.6 Shields


You had 6 spell levels left.
You didn't know any spells.
Your spell library contained the following spells:

 Spells                   Type           Power      Damage    Failure   Level
 Kiss of Death            Conj/Necr      0%         2d5       99%         1
 Sandblast                Erth           0%         2d4       99%         1
 Slow                     Hex            0%         N/A       99%         1
 Confusing Touch          Hex            0%         N/A       100%        3
 Passwall                 Erth           0%         N/A       100%        3
 Sigil of Binding         Hex            0%         N/A       100%        3
 Stone Arrow              Conj/Erth      0%         3d7       100%        3
 Vampiric Draining        Necr           0%         2d6       100%        3
 Brom's Barrelling Bould  Conj/Erth      0%         2d3       100%        4
 Dispel Undead            Necr           0%         3d6       100%        4

Inventory:

Hand Weapons
 a - a +1 flail of holy wrath (weapon)
 o - the +9 mace of War {distort, Dex+2}

   Dex+2:     It affects your dexterity (+2).
Armour
 c - a +0 buckler (worn)
 n - a +0 chain mail (worn)
Jewellery
 u - a ring of resist corrosion (right hand)
Talismans
 l - a maw talisman
Scrolls
 b - 3 scrolls of identify {unknown}
 f - 3 scrolls of fog {unknown}
 i - a scroll of teleportation {unknown}
 m - 2 scrolls of poison {unknown}
 p - a scroll of revelation {unknown}
Potions
 d - a potion of might
 e - a potion of heal wounds {unknown}
 g - a potion of resistance {unknown}
 h - a potion of brilliance {unknown}
 j - a potion of magic {unknown}
 k - a potion of berserk rage {unknown}
 q - a potion of enlightenment {unknown}
 r - 2 potions of curing {unknown}
 s - 3 potions of ambrosia {unknown}
 t - a potion of degeneration {unknown}

Dungeon Overview and Level Annotations

Branches:
Dungeon (5/15)
 Temple: D:4-7

Altars:

.8..▒.▒ ▒......▒
......▒
▒▒......▒
....▒▒▒
▒.......▒▒▒▒
.....
▒...Z...~..▒
▒▒▒▒▒
▒.▒▒▒.~~≈~.▒▒
▒.▒ ▒.Z~~~..▒▒▒▒
▒Z▒▒..~~~....).▒
▒l▒▒.P~≈~~P▒▒▒.▒
▒ ▒H▒▒....~..▒
▒.▒.▒
▒†▒▒.▒▒▒..▒▒
▒<... ▒.▒▒.
..▒........▒
..▒▒
...▒...▒▒.▒.▒
..Z. ..▒.▒..
..... ▒.▒.▒ ..
... .▒.▒▒ .....
.. ▒. .▒ ▒▒....
▒ ▒. o▒ . ... ..
o▒


You could see an iguana, a bullfrog zombie and a hornet zombie.


Message History

The scorpion is lightly wounded.
The scorpion stings you.
* * * LOW HITPOINT WARNING * * *
Unknown command.
You hit the scorpion but do no damage. You headbutt the scorpion.
The scorpion is heavily wounded.
The iguana bites you but does no damage.
The scorpion stings you but does no damage.
Unknown command.
You hit the scorpion.
The scorpion is severely wounded.
The scorpion stings you but does no damage.
A bullfrog zombie comes into view.
The iguana bites you but does no damage.
Unknown command.
Unknown command.
You barely miss the scorpion. You headbutt the scorpion.
You kill the scorpion!
The iguana barely misses you.
Unknown command.
You hit the iguana but do no damage. Your headbutt misses the iguana.
You block the iguana's attack.
Unknown command.
You thump the iguana!
The iguana is almost dead.
The iguana bites you!
You die...

Action                     |  1- 3 |  4- 6 |  7- 9 || total
---------------------------+-------+-------+-------++-------
  Melee: Flail             |    62 |   123 |    70 ||   255
         Headbutt          |    12 |    16 |    18 ||    46
 Armour: Scale mail        |    35 |    17 |       ||    52
         Chain mail        |       |    82 |    74 ||   156
  Dodge: Dodged            |    27 |    35 |    19 ||    81
  Block: Buckler           |    14 |    18 |    12 ||    44

Levels and vault maps discovered:
D:1:      ldierk_walled_garden, layout_basic,
          shapermc_ecumenical_altar_mp_ritualfount
D:2:      layout_basic, uniq_sigmund, uniq_terence
D:3:      layout_basic
D:4:      layout_basic
D:5:      layout_basic, enter_ossuary_3, serial_undead, serial_undead_f,
          serial_undead_c, serial_undead_d, serial_undead_f, serial_undead_b,
          serial_undead_b, serial_undead_d, serial_undead_c, serial_undead_c,
          serial_undead_d

Notes
Turn   | Place    | Note
-------+----------+-------------------------------------------
     0 | D:1      | sanka the Minotaur Fighter began the quest for the Orb.
     0 | D:1      | Reached XP level 1. HP: 19/19 MP: 0/0
    56 | D:1      | Reached skill level 4 in Fighting
   150 | D:1      | Reached skill level 3 in Maces & Flails
   150 | D:1      | Reached XP level 2. HP: 27/27 MP: 1/1
   426 | D:1      | Found a faded altar of an unknown god.
   663 | D:1      | Reached skill level 4 in Maces & Flails
   663 | D:1      | Reached XP level 3. HP: 33/33 MP: 2/2
   909 | D:2      | Noticed Sigmund
   919 | D:2      | Killed Sigmund
   920 | D:2      | Reached skill level 6 in Maces & Flails
   920 | D:2      | Reached XP level 4. HP: 36/40 MP: 3/3
   920 | D:2      | Reached XP level 5. HP: 41/46 MP: 4/4
  1068 | D:2      | Reached skill level 7 in Maces & Flails
  1275 | D:4      | Reached XP level 6. HP: 50/52 MP: 5/5
  1325 | D:4      | Reached skill level 8 in Maces & Flails
  1481 | D:3      | Identified the +9 mace of War {distort, Dex+2}
  2354 | D:2      | Noticed Terence
  2368 | D:2      | Killed Terence
  2770 | D:4      | Reached skill level 9 in Maces & Flails
  2770 | D:4      | Reached XP level 7. HP: 27/59 MP: 6/6
  3430 | D:5      | Entered Level 5 of the Dungeon
  3462 | D:5      | HP: 4/59 [sleepcap (3)]
  3590 | D:5      | Reached skill level 10 in Maces & Flails
  3688 | D:5      | HP: 4/59 [gnoll/+0 spear (5)]
  3691 | D:4      | HP: 1/59 [gnoll/+0 spear (4)]
  3772 | D:5      | HP: 4/59 [hornet zombie (8)]
  3778 | D:5      | Slain by an iguana

Vanquished Creatures
  Sigmund (D:2)
  A phantom (D:4)
  2 scorpions
  A water moccasin skeleton (D:5)
  A bombardier beetle (D:4)
  A bullfrog zombie (D:5)
  A jelly (D:4)
  An orc priest (D:5)
  2 sleepcaps (D:5)
  Terence (D:2)
  An iguana (D:4)
  An orc wizard (D:5)
  A hound zombie (D:5)
  A howler monkey zombie (D:5)
  A gnoll (D:4)
  A howler monkey skeleton (D:5)
  8 adders
  2 ufetubi (D:5)
  3 dart slugs
  2 ribbon worms (D:3)
  7 orcs
  6 ball pythons
  5 bats
  7 endoplasms
  2 giant cockroaches (D:1)
  8 goblins
  5 hobgoblins
  2 jackals (D:2)
  5 kobolds
  3 quokkas
  4 frilled lizards
  5 rats
92 creatures vanquished.
